 Dungeon Crawl Stone Soup version 0.22-a0-179-gb5258fd (webtiles) character file.

57 Firecrotchwizard the Cudgeler (level 3, -4/37 HPs)
             Began as a Troll Berserker on Feb 14, 2018.
             Was a Believer of Trog.
             Slain by Sigmund
             ... wielding a +0 scythe
              (6 damage)
             ... on level 2 of the Dungeon.
             The game lasted 00:02:00 (1311 turns).

Firecrotchwizard the Cudgeler (Troll Berserker)     Turns: 1311, Time: 00:02:00

Health: -4/37      AC:  5    Str: 25    XL:     3   Next: 73%
Magic:  2/2        EV: 10    Int:  3    God:    Trog [**....]
Gold:   138        SH:  0    Dex: 10    Spells: 2/2 levels left

rFire    . . .     SeeInvis .   a - +0 mace
rCold    . . .     Gourm    +   (no shield)
rNeg     . . .     Faith    .   b - +0 animal skin
rPois    .         Spirit   .   (helmet restricted)
rElec    .         Reflect  .   (no cloak)
rCorr    .         Harm     .   (gloves unavailable)
MR       .....                  (boots unavailable)
Stlth    +.........             (no amulet)
HPRegen  0.52/turn              (no ring)
MPRegen  0.08/turn              (no ring)

@: no status effects
A: large, unfitting armour, claws 3, fast metabolism 3, gourmand, regeneration
1, shaggy fur 1, tough skin 2
a: Berserk, Trog's Hand, Burn Spellbooks, Renounce Religion


You were on level 2 of the Dungeon.
You worshipped Trog.
Trog was pleased with you.
You were very full.

You visited 1 branch of the dungeon, and saw 2 of its levels.

You collected 138 gold pieces.

Inventory:

Hand Weapons
 a - a +0 mace (weapon)
Armour
 b - a +0 animal skin (worn)
Scrolls
 d - 3 scrolls of remove curse {unknown}
 e - 2 scrolls of amnesia {unknown}
 f - 4 scrolls of identify {unknown}
 g - a scroll of enchant weapon {unknown}
 l - a scroll of teleportation {unknown}
 m - a scroll of magic mapping {unknown}
 n - a scroll of fear {unknown}
Potions
 h - 2 potions of invisibility {unknown}
 j - a potion of lignification {unknown}
 k - a potion of brilliance {unknown}
Comestibles
 c - 7 rations {@e1}
 i - 7 chunks of flesh {@w0}


   Skills:
 + Level 3.0 Fighting
 * Level 3.9 Maces & Flails
 - Level 2.4 Dodging


You had 2 spell levels left.
You didn't know any spells.

Dungeon Overview and Level Annotations

Branches:
Dungeon (2/15)

Altars:

Annotations:
D:2 Sigmund


Innate Abilities, Weirdness & Mutations

You are too large for most types of armour.
You have claws for hands.
Your metabolism is lightning-fast.
You like to eat raw meat.
Your natural rate of healing is unusually fast.
You are covered in fur. (AC +1)
You have very tough skin. (AC +2)


Message History

You kill the jackal!
Trog accepts your kill. The jackal barely misses you.
You hit the jackal. The jackal misses you. The jackal completely misses you.
You hit the jackal.
You kill the jackal!
Trog accepts your kill. The jackal barely misses you.
Sigmund hits you from afar with a scythe.
You take 3 damage, and have 33/36 hp.
Your skin crawls.
You feel resistant to hostile enchantments.
You feel somewhat less full. The jackal barely misses you.
You hit the jackal.
The jackal bites you but does no damage.
Sigmund hits you but does no damage.
The jackal bites you but does no damage.
Health restored: 36 You hit the jackal but do no damage.
The jackal barely misses you.
Sigmund flickers, as though insubstantial.
Sigmund barely misses you.
The jackal bites you but does no damage.
You hit the jackal but do no damage. The jackal barely misses you.
Sigmund closely misses you.
You barely miss the jackal.
The jackal bites you but does no damage.
The jackal bites you.
You take 1 damage, and have 35/36 hp.
You closely miss the jackal.
You feel the effects of Trog's Hand fading.
The jackal closely misses you.
Sigmund hits you from afar with a scythe!
The jackal closely misses you.
You take 7 damage, and have 28/36 hp.
You barely miss the jackal.
Sigmund hits you from afar with a scythe!
The jackal barely misses you.
You take 6 damage, and have 22/36 hp.
You are too injured to fight recklessly!
You are too injured to fight recklessly!
You are too injured to fight recklessly!
You closely miss the jackal.
The jackal bites you but does no damage.
Sigmund hits you but does no damage. The jackal barely misses you.
You hit the jackal.
You kill the jackal!
Trog accepts your kill.
Your Fighting skill increases to level 3!
Sigmund hits you from afar with a scythe.
You take 1 damage, and have 22/37 hp.
Things that are here:
a jackal corpse x3
You closely miss Sigmund.
Your skin stops crawling.
You feel less resistant to hostile enchantments.
Sigmund hits you with a scythe.
You take 1 damage, and have 22/37 hp.
You hit Sigmund.
Sigmund zaps a wand.
The puff of flame hits you!
It is a wand of flame (30).
You take 3 damage, and have 19/37 hp.
You hit Sigmund but do no damage.
Sigmund zaps a wand.
The puff of flame misses you.
You closely miss Sigmund.
Sigmund zaps a wand.
The puff of flame hits you! Sigmund completely misses you.
You take 6 damage, and have 13/37 hp.
You hit Sigmund. You closely miss Sigmund. Sigmund barely misses you.
You hit Sigmund but do no damage.
Sigmund points at you and mumbles some strange words.
You are confused.
You're too confused to move!
Sigmund hits you but does no damage.
You closely miss Sigmund.
Sigmund mumbles some strange words.
Sigmund flickers and vanishes!
Deactivating autopickup; reactivate with Ctrl-A.
You hit something. Something hits you.
You take 2 damage, and have 14/37 hp.
You miss something. Something hits you.
* * * LOW HITPOINT WARNING * * *
You take 4 damage, and have 10/37 hp.
You're too confused!
You're too confused to move!
You feel less confused.
You miss something.
You hear a zap.
A puff of flame appears from out of thin air!
The puff of flame hits you!
* * * LOW HITPOINT WARNING * * *
You hear some strange, mumbled words.
A puff of flame appears from out of thin air!
The puff of flame hits you!
* * * LOW HITPOINT WARNING * * *
You take 10 damage, and have 1/37 hp.
MASSIVE DAMAGE!!
You miss something. Something hits you.
You die...

#########.##.####.......
#.##.## #.###### #.##..#
#.# #.##..###.#
#####.........#
#.............#
#.######...##.#
##.######.#.#########
#..{@.......#.......#
#..########.#.#####.#
..... #.#.#...#.#
....... #.#...#.#.#
####.## #.#####.#.# @.
#....)..#.. ##
###########


There were no monsters in sight!

Vanquished Creatures
  2 worms (D:2)
  A leopard gecko (D:1)
  3 ball pythons (D:1)
  6 giant cockroaches
  5 hobgoblins (D:1)
  7 jackals (D:2)
  4 kobolds
  2 bats
  2 frilled lizards (D:1)
  6 goblins
  7 rats
45 creatures vanquished.

Notes
Turn   | Place    | Note
-------+----------+-------------------------------------------
     0 | D:1      | Firecrotchwizard the Troll Berserker began the quest for the Orb.
     0 | D:1      | Reached XP level 1. HP: 22/22 MP: 0/0
   123 | D:1      | Reached skill level 3 in Maces & Flails
   128 | D:1      | Reached XP level 2. HP: 29/29 MP: 1/1
   716 | D:2      | Reached XP level 3. HP: 36/36 MP: 2/2
   939 | D:2      | Reached ** piety under Trog
  1279 | D:2      | Noticed Sigmund
  1296 | D:2      | Reached skill level 3 in Fighting
  1310 | D:2      | HP: 5/37 [something/wand of flame (28) (6)]
  1310 | D:2      | HP: 1/37 [something/puff of flame (4)]
  1311 | D:2      | Slain by Sigmund

Vault maps used:
D:1:      lightli_arrival_chessboard, minmay_pentomino_r2
D:2:      patterned_corridor, uniq_sigmund

Skill      XL: |  1  2  3 |
---------------+----------+-----
Maces & Flails | 3 |  3.9
Fighting       | 3 |  3.0
Dodging        | |  2.4

Action                   || total
-------------------------++-------
Melee: Mace              ||   167
Invok: Trog's Hand       ||     1
  Eat: Chunk             ||    18
Armor: Animal skin       ||    56
Dodge: Dodged            ||   117

Table legend:
 A = Spawn XP
 B = Non-spawn XP
 C = Spawn XP percentage of total XP
 D = Spawn monster count
 E = Non-spawn monster count
 F = Spawn count percentage of total count
 G = Total turns spent on level
                    A         B        C        D         E        F      G
               +---------+---------+-------+---------+---------+-------+---------
         Total |       0 |      82 |   0.0 |       0 |      45 |   0.0 |  1311
               +---------+---------+-------+---------+---------+-------+---------
           D:1 |       0 |      38 |   0.0 |       0 |      23 |   0.0 |   661
           D:2 |       0 |      44 |   0.0 |       0 |      22 |   0.0 |   650
               +---------+---------+-------+---------+---------+-------+---------

Vault maps used:
D:1:      lightli_arrival_chessboard, minmay_pentomino_r2
D:2:      patterned_corridor, uniq_sigmund

Table legend:
 A = Turns spent in this place as a percentage of turns spent in the entire game.
 B = Non-inter-level travel turns spent in this place as a percentage of non-inter-level travel turns spent in the entire game.
 C = Inter-level travel turns spent in this place as a percentage of turns spent in this place.
 D = Turns resting spent in this place as a percentage of non-inter-level travel turns spent in this place.
 E = Turns spent auto-exploring this place as a percentage of non-inter-level travel turns spent in this place.
 F = Non-inter-level travel turns spent in this place divided by the number of levels of this place that you've seen.
                   A       B       C       D       E      F
               +-------+-------+-------+-------+-------+----------------------
         Total | 100.0 | 100.0 |   0.9 |   2.5 |  76.3 | 649.5
       Dungeon | 100.0 | 100.0 |   0.9 |   2.5 |  76.3 | 649.5
               +-------+-------+-------+-------+-------+----------------------

Table legend:
 A = Kills in this place as a percentage of kills in entire the game.
 B = Kills by you in this place as a percentage of kills by you in the entire game.
 C = Kills by friends in this place as a percentage of kills by friends in the entire game.
 D = Other kills in this place as a percentage of other kills in the entire game.
 E = Experience gained in this place as a percentage of experience gained in the entire game.
 F = Experience gained in this place divided by the number of levels of this place that you have seen.
                   A       B       C       D       E      F
               +-------+-------+-------+-------+-------+----------------------
         Total | 100.0 | 100.0 |   N/A |   N/A | 100.0 |  41.0
       Dungeon | 100.0 | 100.0 |   N/A |   N/A | 100.0 |  41.0
               +-------+-------+-------+-------+-------+----------------------
